 Dungeon Crawl Stone Soup version 0.27.0-1-g7a089689b8 (webtiles) character file.

Game seed: 2380084117377615817

103 PentaManta the Ruffian (level 4, -6/38 HPs)
             Began as a Ghoul Monk on Aug 12, 2021.
             Mangled by Pikel (8 damage)
             ... on level 4 of the Dungeon.
             The game lasted 00:03:56 (2765 turns).

PentaManta the Ruffian (Ghoul Monk)                 Turns: 2765, Time: 00:03:57

Health: -6/38      AC:  8    Str: 15    XL:     4   Next: 79%
Magic:  3/3        EV:  6    Int:  5    God:
Gold:   161        SH:  0    Dex: 11    Spells: 3/3 levels left

rFire    . . .     SeeInvis .     - Unarmed
rCold    + . .     Faith    .   (no shield)
rNeg     + + +     Spirit   .   s - +0 chain mail
rPois    ∞         Reflect  .   (no helmet)
rElec    .         Harm     .   (no cloak)
rCorr    .         Rampage  .   (no gloves)
Will     .....                  (no boots)
Stlth    ..........             (no amulet)
HPRegen  0.00/turn              (no ring)
MPRegen  0.08/turn              (no ring)

@: inhibited regen, invisible
A: claws 1, cold resistance 1, negative energy resistance 3, inhibited
regeneration, torment resistance 2
a: no special abilities


You were on level 4 of the Dungeon.
You visited 1 branch of the dungeon, and saw 4 of its levels.

You collected 161 gold pieces.

Inventory:

Hand Weapons
 b - a +0 hunting sling
Missiles
 h - 22 poisoned darts (quivered)
 i - 56 sling bullets
Armour
 d - a +0 pair of gloves
 p - a +0 leather armour
 s - a +0 chain mail (worn)
Scrolls
 a - a scroll of amnesia {unknown}
 c - 2 scrolls of magic mapping {unknown}
 e - 2 scrolls of teleportation {unknown}
 f - a scroll of silence {unknown}
 g - 6 scrolls of identify {unknown}
 k - 2 scrolls of immolation {unknown}
 l - 2 scrolls of fear {unknown}
 n - a scroll of enchant weapon {unknown}
 o - a scroll of enchant armour {unknown}
 q - a scroll of summoning {unknown}
 t - a scroll of torment {unknown}
Potions
 m - a potion of ambrosia {unknown}
 r - a potion of attraction {unknown}
 u - a potion of resistance {unknown}


   Skills:
 - Level 3.2 Fighting
 - Level 2.6 Dodging
 - Level 2.1 Stealth
 + Level 5.9 Unarmed Combat


You had 3 spell levels left.
You didn't know any spells.
Your spell library contained the following spells:

 Spells                   Type           Power      Damage    Failure   Level
 Pain                     Necr           0%         1d4       100%        1
 Corpse Rot               Necr/Air       N/A        N/A       100%        2
 Dispel Undead            Necr           0%         3d6       100%        4
 Sticky Flame             Conj/Fire      0%         2d3       100%        4
 Agony                    Necr           0%         N/A       100%        5
 Excruciating Wounds      Necr           0%         N/A       100%        5
 Death Channel            Necr           0%         N/A       100%        6
 Simulacrum               Ice/Necr       0%         N/A       100%        6
 Starburst                Conj/Fire      0%         8x6d3     100%        6


Dungeon Overview and Level Annotations

Branches:
Dungeon (4/15)
 Temple: D:4-7

Altars:

Annotations:
D:4 Pikel


Innate Abilities, Weirdness & Mutations

You thrive by killing the living.
You are immune to poison.
You have sharp fingernails.
Your flesh is cold resistant. (rC+)
You are immune to negative energy. (rN+++)
You do not regenerate when monsters are visible.
You are immune to unholy pain and torment.


Message History

The lemure hits you but does no damage.
You scratch the lemure.
The lemure is moderately wounded.
You scratch Pikel.
Pikel is lightly wounded.
You miss Pikel.
Pikel is lightly wounded.
Pikel completely misses you.
You claw Pikel!
Pikel is moderately wounded.
Pikel hits you with a +2 whip of electrocution.
You completely miss Pikel.
Pikel is moderately wounded.
Pikel hits you with a +2 whip of electrocution!
You claw Pikel!
Pikel is heavily wounded.
Pikel hits you with a +2 whip of electrocution.
You completely miss Pikel.
Pikel is heavily wounded.
You scratch Pikel but do no damage.
Pikel is heavily wounded.
Pikel closely misses you.
You scratch Pikel.
Pikel is heavily wounded.
Pikel hits you with a +2 whip of electrocution.
You scratch Pikel.
Pikel is severely wounded.
Pikel hits you with a +2 whip of electrocution.
You scratch Pikel but do no damage.
Pikel is heavily wounded.
Pikel hits you with a +2 whip of electrocution!
* * * LOW HITPOINT WARNING * * *
You scratch Pikel.
Pikel is severely wounded.
Pikel hits you with a +2 whip of electrocution!
* * * LOW HITPOINT WARNING * * *
It was a potion of invisibility.
You fade into invisibility!
Pikel hits you with a +2 whip of electrocution!
You die...

.# .# ## # ###
## .5# .## #5#
#.# #5# #.#
#K# #.#
############@#
.##
#..<.........#
##
#.############
# #.# # #.# #
#.# #####.#
......#
#####.#


You could see Pikel and 3 lemures.

Vanquished Creatures
  2 adders
  3 dart slugs
  2 orcs (D:3)
  7 endoplasms
  9 goblins
  9 hobgoblins
  4 quokkas
  7 ball pythons
  5 bats
  5 frilled lizards
  8 kobolds
  10 rats
71 creatures vanquished.

Notes
Turn   | Place    | Note
-------+----------+-------------------------------------------
     0 | D:1      | PentaManta the Ghoul Monk began the quest for the Orb.
     0 | D:1      | Reached XP level 1. HP: 19/19 MP: 0/0
    39 | D:1      | Found a faded altar of an unknown god.
   176 | D:1      | Reached XP level 2. HP: 22/26 MP: 1/1
   367 | D:1      | Reached skill level 4 in Unarmed Combat
   624 | D:1      | Reached XP level 3. HP: 13/31 MP: 2/2
   631 | D:1      | HP: 1/31 [kobold (3)]
  1303 | D:2      | Reached skill level 5 in Unarmed Combat
  1528 | D:2      | Reached XP level 4. HP: 32/38 MP: 3/3
  1994 | D:3      | Got the Incunabulum of the Freezing Blaze
  2745 | D:4      | Noticed a lemure
  2745 | D:4      | Noticed a lemure
  2746 | D:4      | Noticed Pikel
  2749 | D:4      | Noticed a lemure
  2765 | D:4      | Mangled by Pikel

Illustrated notes

Levels and vault maps discovered:
D:1:      dpeg_arrival_line_fractal, layout_basic,
          dreamdust_ecumenical_altar_statues, minmay_3d_cube
D:2:      layout_loops_cross, minmay_cupped
D:3:      layout_basic, minmay_increasing_density
D:4:      layout_loops_ring, uniq_pikel

Skill      XL: |  1  2  3 |
---------------+----------+-----
Unarmed Combat | 4 5 |  5.9
Fighting       | |  3.2
Dodging        | |  2.6
Stealth        | |  2.1

Action                   |  1- 3 |  4- 6 || total
-------------------------+-------+-------++-------
Melee: Unarmed           |   132 |    77 ||   209
  Use: Potion            |     1 |     1 ||     2
 Stab: Sleeping          |     3 |     1 ||     4
       Distracted        |     1 |       ||     1
Armor: Robe              |     8 |    10 ||    18
       Chain mail        |       |     6 ||     6
Dodge: Dodged            |    84 |    26 ||   110
